 Dungeon Crawl Stone Soup version 0.22.1-1-ga44c0e5 (webtiles) character file.

179 schauveau the Digger (level 5, 0/29 HPs)
             Began as a Gargoyle Earth Elementalist on Sept 28, 2018.
             Slain by a kobold
             ... wielding a +0 hand axe
              (2 damage)
             ... on level 3 of the Dungeon.
             The game lasted 00:09:34 (2097 turns).

schauveau the Digger (Gargoyle Earth Elementalist)  Turns: 2097, Time: 00:09:35

Health: 0/29       AC:  6    Str: 11    XL:     5   Next: 59%
Magic:  19/19      EV: 12    Int: 17    God:
Gold:   145        SH:  0    Dex: 10    Spells: 7/11 levels left

rFire    . . .     SeeInvis .   a - +0 dagger
rCold    . . .     Gourm    .   (no shield)
rNeg     + . .     Faith    .   c - +0 robe
rPois    ∞         Spirit   .   (no helmet)
rElec    +         Reflect  .   (no cloak)
rCorr    .         Harm     .   (no gloves)
MR       .....                  (no boots)
Stlth    ++........             (no amulet)
HPRegen  0.09/turn              i - ring of magical power
MPRegen  0.16/turn              (no ring)

@: no status effects
A: negative energy resistance 1, electricity resistance, unbreathing,
petrification resistance, rot immunity, AC +4
a: no special abilities


You were on level 3 of the Dungeon.
You were not hungry.

You visited 1 branch of the dungeon, and saw 3 of its levels.

You collected 145 gold pieces.

Inventory:

Hand Weapons
 a - a +0 dagger (weapon)
Missiles
 b - 52 stones (quivered)
 e - 4 needles of paralysis
 h - 15 poisoned needles
 j - 34 bolts
 x - 4 tomahawks of returning
Armour
 c - a +0 robe (worn)
 n - a +0 leather armour
Jewellery
 i - a ring of magical power (left hand)
 k - a cursed -2 ring of evasion {unknown}
Scrolls
 g - 2 scrolls of blinking {unknown}
 l - 3 scrolls of identify {unknown}
 o - a scroll of magic mapping {unknown}
 q - 2 scrolls of remove curse {unknown}
 r - a scroll of enchant armour {unknown}
 t - a scroll of fear {unknown}
Potions
 m - a potion of invisibility {unknown}
 p - a potion of flight {unknown}
 s - a potion of curing {unknown}
 u - a potion of might {unknown}
 v - 2 potions of heal wounds {unknown}
 w - a potion of lignification {unknown}
Comestibles
 d - 5 rations
 f - 6 chunks of flesh


   Skills:
 + Level 1.0 Fighting
 - Level 0.2 Short Blades
   Level 0.1 Maces & Flails
 - Level 2.1 Dodging
 - Level 2.4 Stealth
 + Level 3.5 Spellcasting
 - Level 1.0 Conjurations
   Level 0.7 Transmutations
 * Level 5.0 Earth Magic


You had 7 spell levels left.
You knew the following spells:

 Your Spells              Type           Power        Failure   Level  Hunger
a - Sandblast             Erth           ###...       1%          1    None
b - Stone Arrow           Conj/Erth      ##....       14%         3    ###....

Your spell library contained the following spells:

 Spells                   Type           Power        Failure   Level  Hunger
 Passwall                 Tmut/Erth      ##......     8%          2    ##.....
 Petrify                  Tmut/Erth      ##......     45%         4    ####...
 Lee's Rapid Deconstruct  Erth           ###.......   50%         5    ######.


Dungeon Overview and Level Annotations

Branches:
Dungeon (3/15)

Altars:
Ashenzari
Kikubaaqudgha
Okawaru
Trog
Zin


Innate Abilities, Weirdness & Mutations

You are resistant to torment.
Your stone body is resilient. (AC +4)
You are immune to poison.
You resist negative energy. (rN+)
You are resistant to electric shocks. (rElec)
You can survive without breathing.
You are immune to petrification.
You are immune to rotting.


Message History

You see here a flail.
You start resting.
Magic restored.
You start resting.
A kobold comes into view. It is wielding a hand axe.
A kobold is nearby!
The kobold shouts!
You barely miss the kobold. The kobold barely misses you.
You hit the kobold but do no damage. The kobold hits you but does no damage.
You barely miss the kobold. The kobold closely misses you.
You hit the kobold but do no damage. The kobold hits you with a hand axe.
You hit the kobold but do no damage. The kobold hits you but does no damage.
You hit the kobold but do no damage. You hit the kobold but do no damage.
The kobold closely misses you.
You closely miss the kobold. The kobold hits you with a hand axe.
* * * LOW HITPOINT WARNING * * *
You hit the kobold but do no damage. The kobold hits you with a hand axe.
* * * LOW HITPOINT WARNING * * *
You barely miss the kobold. The kobold hits you with a hand axe.
You die...

#..#.# ## #..#.# .
#..#.# #.#..#.#
#.#..#.# # ....#.#
.# #####.##.####.#
#.....)..@K...#
#.#######.....#
...........#
#######.############
#...#)##.........#
#.
#.#.#.######.....###
#.
#.#.#.######.....+.#
#.
#.#........#.....#.#
#.
#.#.#.####.......#)#


You could see a kobold.

Vanquished Creatures
  3 gnolls (D:3)
  7 adders
  3 worms
  2 dart slugs
  2 leopard geckos (D:1)
  4 orcs (D:3)
  2 giant cockroaches (D:1)
  3 goblins
  9 hobgoblins
  10 jackals
  2 ball pythons
  9 bats
  3 frilled lizards
  4 kobolds
  8 rats
71 creatures vanquished.

Notes
Turn   | Place    | Note
-------+----------+-------------------------------------------
     0 | D:1      | schauveau the Gargoyle Earth Elementalist began the quest
                  | for the Orb.
     0 | D:1      | Reached XP level 1. HP: 10/10 MP: 3/3
   135 | D:1      | Reached XP level 2. HP: 10/15 MP: 1/5
   286 | D:1      | Reached skill level 4 in Earth Magic
   426 | D:1      | Reached XP level 3. HP: 14/19 MP: 6/6
   506 | D:1      | Learned a level 3 spell: Stone Arrow
  1042 | D:2      | Reached XP level 4. HP: 24/24 MP: 8/8
  1113 | D:2      | Reached skill level 1 in Conjurations
  1274 | D:2      | Found an iron altar of Okawaru.
  1274 | D:2      | Found a bloodstained altar of Trog.
  1509 | D:2      | Found a glowing silver altar of Zin.
  1570 | D:2      | Reached XP level 5. HP: 28/28 MP: 10/10
  1637 | D:3      | Found an ancient bone altar of Kikubaaqudgha.
  1643 | D:3      | Found a shattered altar of Ashenzari.
  2009 | D:3      | Reached skill level 1 in Fighting
  2009 | D:3      | Reached skill level 5 in Earth Magic
  2097 | D:3      | Slain by a kobold

Skill      XL: |  1  2  3  4  5 |
---------------+----------------+-----
Earth Magic    | 4 5 |  5.0
Spellcasting   | 3 |  3.5
Dodging        | 2 |  2.1
Conjurations   | 1 |  1.0
Fighting       | 1 |  1.0
Short Blades   | |  0.2
Maces & Flails | |  0.1
Stealth        | |  2.4
Transmutations | |  0.7

Action                   |  1- 3 |  4- 6 || total
-------------------------+-------+-------++-------
Melee: Unarmed           |     4 |       ||     4
       Club              |    47 |       ||    47
       Dagger            |     9 |    81 ||    90
 Cast: Sandblast         |    30 |    24 ||    54
       Stone Arrow       |     6 |    19 ||    25
 Stab: Sleeping          |       |     1 ||     1
  Eat: Chunk             |     2 |     5 ||     7
Armor: Robe              |    30 |    23 ||    53
Dodge: Dodged            |    68 |    68 ||   136
